Nononom, lawful female human Priestess ---- --..---- --......|--- |....--.|..| -- |....||^...------ ..--------- | | - ---.---|..*.d@..G...................| |...| |..).G.h.^h............- --- ---.--- --.|.--------- ---- - --...| ----- |..--| |....| |....| |.<..- |.....- |......| |..--.-- |..| -- -..| ..| ---- Nononom the Aspirant Experience level: 2 Strength: 12 Dexterity: 13 Constitution: 13 Intelligence: 11 Wisdom: 18 Charisma: 8 Health: 0(19) Energy: 15(15) Def: 3 Gold: 155 Moves: 741 Dungeon seed: RNlM9YnCVcMTUZ9P Game ID: Nononom_1508628713 Your Inventory: Coins $ - 155 gold pieces Weapons a - a blessed +1 mace (weapon in hand) t - 11 uncursed +0 darts Armor e - an uncursed +0 robe (being worn) n - an uncursed +0 small shield (being worn) Comestibles c - an uncursed clove of garlic d - an uncursed sprig of wolfsbane m - an uncursed lichen corpse p - an uncursed tripe ration Spellbooks f - a blessed spellbook of extra healing g - a blessed spellbook of light Potions b - 4 potions of holy water j - an uncursed potion of water Tools h - an uncursed oil lamp (0:1273) s - an uncursed blindfold u - an uncursed tin whistle Spells and supernatural/magical abilities: Spells marked with '*' are forgotten. Spells marked with '!' are maintained. Spells marked with '#' are aliased with 'castalias'. Name Level Category Fail Memory s - slow monster 2 enchantment 44% 100% W - pray for help -- divine ? -- X - turn undead -- divine ? -- Your skills at the end: Fighting Skills wands [Basic] Weapon Skills mace [Basic] Spellcasting Skills clerical spells [Basic] Final Attributes: You were piously aligned. You are dead. Vanquished creatures: 2 giant rats 3 gnomes a gecko 2 jackals a goblin a sewer rat 5 lichens 7 newts 22 creatures vanquished. Voluntary challenges: You were an atheist. You used a wielded weapon 17 times, starting on turn 48. You read items or engraved 2 times, starting on turn 280. You never genocided any monsters. You never polymorphed an object. You never changed form. You used no wishes. You never split a pudding. You never wrote Elbereth's name. You never violated your personal moral code. Dungeon overview: The Dungeons of Doom: levels 1 to 3 Level 1 a fountain, a vault a long staircase Level 2 stairs to The Gnomish Mines Level 3 The Gnomish Mines: Level 3 <- You were here stairs to The Dungeons of Doom History has recorded: On T:1 you entered the Dungeons of Doom to retrieve the Amulet of Yendor! On T:241 you advanced to experience level 2. On T:268 you reached level 2 of The Dungeons of Doom. On T:650 you reached level 3 of The Dungeons of Doom. On T:694 you reached level 1 of The Gnomish Mines. Score breakdown: Gold: 155 ( 7460 points) Experience: 2 levels ( 5570 points) Exploration: 3 levels ( 6.38%) ( 6255 points) Discoveries: 3 items ( 1.00%) ( 3000 points) Valuables value: (no points given unless you survive) Artifact value: 0 ( 0 points) Variety of kills: 8 monsters ( 2.09%) ( 4335 points) Turncount: 741 turns ( 0 points) Survival: died (score multiplied by 80%) Total score: 21296 Latest messages: You see here an uncursed runed dagger. The little dog bites the gnome lord. The gnome lord misses the little dog. The little dog misses the gnome lord. You displace your little dog. The hobbit is almost hit by a dart! The hobbit picks up a dart from the floor. The gnome lord hits the little dog. The little dog bites the gnome lord. The little dog misses the gnome lord. The gnome lord hits the little dog. The little dog bites the gnome lord. The little dog misses the gnome lord. You miss the gnome lord. The little dog bites the gnome lord. The gnome lord hits the little dog. The gnome lord hits! You miss the gnome lord. The hobbit hits! The gnome lord hits! You hit the gnome lord. The hobbit hits! The gnome wields a bow! You hit the gnome lord! The gnome lord hits! You die... Final status: Goodbye Nononom the Priestess, killed by a gnome lord... You died in The Gnomish Mines on dungeon level 3 with 21296 points, and 155 pieces of gold, after 741 moves. You were level 2 with a maximum of 19 hit points when you died.